 Dungeon Crawl Stone Soup version 0.21.1-1-g345015f (webtiles) character file.

4 Yawgmoth the Magician (level 1, -1/13 HPs)
             Began as a Mummy Wizard on Feb 12, 2018.
             Slain by a jackal (2 damage)
             ... on level 1 of the Dungeon.
             The game lasted 00:01:09 (67 turns).

Yawgmoth the Magician (Mummy Wizard)                  Turns: 67, Time: 00:01:09

Health: -1/13      AC:  2    Str: 10    XL:     1   Next: 50%
Magic:  0/5        EV: 12    Int: 17    God:
Gold:   0          SH:  0    Dex: 10    Spells: 7/8 levels left

rFire    x . .     SeeInvis .   (no weapon)
rCold    + . .     Gourm    .   (no shield)
rNeg     + + +     Faith    .   a - +0 robe
rPois    ∞         Spirit   .   b - +0 hat
rElec    .         Reflect  .   (no cloak)
rCorr    .         Harm     .   (no gloves)
MR       .....                  (no boots)
Stlth    ++........             (no amulet)
HPRegen  0.04/turn              (no ring)
MPRegen  0.09/turn              (no ring)

@: no status effects
A: no food or potions, fire vulnerability, cold resistance 1, negative energy
resistance 3, torment resistance, unbreathing
a: no special abilities


You were on level 1 of the Dungeon.
You were not hungry.

You visited 1 branch of the dungeon, and saw 1 of its levels.

Inventory:

Armour
 a - a +0 robe (worn)
 b - a +0 hat (worn)
Books
 c - a book of Minor Magic


   Skills:
 - Level 1.6 Dodging
 - Level 1.6 Stealth
 + Level 4.1 Spellcasting
 + Level 1.0 Conjurations
   Level 0.7 Summonings
   Level 0.7 Translocations


You had 7 spell levels left.
You knew the following spells:

 Your Spells              Type           Power        Failure   Level  Hunger
a - Magic Dart            Conj           #...         11%         1    N/A

Dungeon Overview and Level Annotations

Branches:
Dungeon (1/15)

Altars:


Innate Abilities, Weirdness & Mutations

You do not eat or drink.
Your flesh is vulnerable to fire.
You are immune to poison.
Your flesh is cold resistant. (rC+)
You are immune to negative energy. (rN+++)
You are immune to unholy pain and torment.
You can survive without breathing.


Message History

Welcome, Yawgmoth the Mummy Wizard.
Will you be the one to retrieve the fabulous Orb of Zot from the depths?
Found a staircase leading out of the dungeon.
You open the door.
There is an open door here.
Okay, then.
You open the door.
There is an open door here.
You open the door.
There is an open door here.
You open the door.
There is an open door here.
You open the door.
There is an open door here.
You open the door.
There is an open door here.
A jackal and a hobgoblin come into view.
The jackal barks!
Aim: a jackal The magic dart hits the jackal.
The hobgoblin shouts!
A jackal comes into view.
You now have 4/5 mp.
Aim: a jackal The magic dart hits the jackal.
You now have 3/5 mp.
Aim: a jackal (moderately wounded)
The magic dart hits the jackal.
You now have 2/5 mp.
Aim: a jackal (moderately wounded)
The magic dart hits the jackal.
The jackal barely misses you. The jackal closely misses you.
You now have 1/5 mp.
Aim: a jackal (severely wounded)
The magic dart hits the jackal.
You kill the jackal!
You now have 0/5 mp.
The hobgoblin barely misses you.
A jackal comes into view.
The jackal barks!
You hit the hobgoblin. You hit the hobgoblin.
The hobgoblin hits you with a club. 2 dart slugs come into view.
You take 1 damage, and have 12/13 hp.
You closely miss the hobgoblin. The hobgoblin hits you with a club.
You take 2 damage, and have 10/13 hp.
Aim: a hobgoblin, wielding a club (heavily wounded)
The magic dart hits the hobgoblin.
You kill the hobgoblin!
You now have 0/5 mp.
You hit the jackal. The jackal closely misses you.
You closely miss the jackal.
The jackal bites you but does no damage.
You barely miss the jackal.
The jackal bites you but does no damage.
The jackal closely misses you.
You hit the jackal. The jackal bites you.
You take 3 damage, and have 7/13 hp.
MASSIVE DAMAGE!!
You hit the jackal.
You kill the jackal!
Your Conjurations skill increases to level 1!
The jackal barely misses you.
You barely miss the jackal. The jackal barely misses you.
You hit the jackal. The jackal closely misses you.
The jackal barely misses you.
You hit the jackal. The jackal closely misses you.
You hit the jackal but do no damage. The jackal barely misses you.
You closely miss the jackal.
The jackal bites you but does no damage.
The jackal bites you.
You take 1 damage, and have 6/13 hp.
Aim: a jackal (heavily wounded)
The magic dart hits the jackal.
The jackal closely misses you.
You now have 0/5 mp.
You barely miss the jackal. The jackal bites you. The jackal barely misses you.
You take 1 damage, and have 5/13 hp.
You barely miss the jackal. The jackal bites you.
* * * LOW HITPOINT WARNING * * *
You take 3 damage, and have 2/13 hp.
MASSIVE DAMAGE!!
You miss the jackal. The jackal bites you.
* * * LOW HITPOINT WARNING * * *
You take 1 damage, and have 1/13 hp.
You closely miss the jackal. The jackal bites you.
You die...

###.......##
##.###.#....#
##...##......#
###.....###....#
##'.......'##...#
#.##.....##.#..#
##.##...##.##ww#
##'##.##'####h#
##.#####.## #@#
##..(###...###.#
#.....'..<..'..#
##...###...###.#
##.## ##.## ..#
### ### .## .. .#
..


You could see 2 dart slugs and a jackal.

Vanquished Creatures
  A hobgoblin (D:1)
  2 jackals (D:1)
3 creatures vanquished.

Notes
Turn   | Place    | Note
-------+----------+-------------------------------------------
     0 | D:1      | Yawgmoth the Mummy Wizard began the quest for the Orb.
     0 | D:1      | Reached XP level 1. HP: 13/13 MP: 5/5
    57 | D:1      | Reached skill level 1 in Conjurations
    65 | D:1      | HP: 2/13 [jackal (3)]
    67 | D:1      | Slain by a jackal

Skill      XL: |  1 |
---------------+----+-----
Conjurations   | 1 |  1.0
Dodging        | |  1.6
Stealth        | |  1.6
Spellcasting   | |  4.1
Summonings     | |  0.7
Translocations | |  0.7

Action                   || total
-------------------------++-------
Melee: Unarmed           ||    17
 Cast: Magic Dart        ||     7
Armor: Robe              ||     3
Dodge: Dodged            ||    13

Vault maps used:
D:1:      dpeg_arrival_rhombi, minivault_24, minmay_crystal_water,
          minmay_misc_feat_pillars

Table legend:
 A = Turns spent in this place as a percentage of turns spent in the entire game.
 B = Non-inter-level travel turns spent in this place as a percentage of non-inter-level travel turns spent in the entire game.
 C = Inter-level travel turns spent in this place as a percentage of turns spent in this place.
 D = Turns resting spent in this place as a percentage of non-inter-level travel turns spent in this place.
 E = Turns spent auto-exploring this place as a percentage of non-inter-level travel turns spent in this place.
 F = Non-inter-level travel turns spent in this place divided by the number of levels of this place that you've seen.
                   A       B       C       D       E      F
               +-------+-------+-------+-------+-------+----------------------
         Total | 100.0 | 100.0 |   0.0 |   0.0 |  49.3 |  67.0
       Dungeon | 100.0 | 100.0 |   0.0 |   0.0 |  49.3 |  67.0
               +-------+-------+-------+-------+-------+----------------------

Table legend:
 A = Kills in this place as a percentage of kills in entire the game.
 B = Kills by you in this place as a percentage of kills by you in the entire game.
 C = Kills by friends in this place as a percentage of kills by friends in the entire game.
 D = Other kills in this place as a percentage of other kills in the entire game.
 E = Experience gained in this place as a percentage of experience gained in the entire game.
 F = Experience gained in this place divided by the number of levels of this place that you have seen.
                   A       B       C       D       E      F
               +-------+-------+-------+-------+-------+----------------------
         Total | 100.0 | 100.0 |   N/A |   N/A | 100.0 |   6.0
       Dungeon | 100.0 | 100.0 |   N/A |   N/A | 100.0 |   6.0
               +-------+-------+-------+-------+-------+----------------------
